 Dungeon Crawl Stone Soup version 0.19.4-8-ga85b6b9 (webtiles) character file.

292 dngmouse the Sneak (level 6, -4/41 HPs)
             Began as a Vampire Enchanter on Feb 12, 2017.
             Hit by a stone thrown by an orc warrior (7 damage)
             ... on level 6 of the Dungeon.
             The game lasted 00:16:00 (3930 turns).

dngmouse the Sneak (Vampire Enchanter)              Turns: 3930, Time: 00:16:03

Health: -4/41      AC:  6    Str: 12    XL:     6   Next: 10%
Magic:  3/9        EV: 15    Int: 17    God:
Gold:   101        SH:  0    Dex: 17    Spells: 3 memorised, 3 levels left

rFire  . . .     SeeInvis +     a - +1 dagger
rCold  + . .     Gourm    .     b - +1 robe
rNeg   + + .     Faith    .     (no shield)
rPois  +         Spirit   .     (no helmet)
rElec  .         Reflect  .     i - +0 cloak
rCorr  .         Harm     .     (no gloves)
MR     .....                    p - +1 pair of boots
Stlth  +++++.....               (no amulet)
                                (no ring)
                                f - ring of poison resistance

@: mighty, regenerating slowly
A: fangs 3, see invisible, unbreathing
a: Bat Form


You were on level 6 of the Dungeon.
You were very thirsty.

You visited 1 branch of the dungeon, and saw 4 of its levels.

You collected 101 gold pieces.

Inventory:

Hand Weapons
 a - a +1 dagger (weapon)
Armour
 b - a +1 robe (worn)
 i - a +0 cloak (worn)
 l - a +2 ring mail of positive energy
 p - a +1 pair of boots (worn)
Jewellery
 f - a ring of poison resistance (left hand)
 v - an uncursed ring of fire
Wands
 x - a wand of confusion (32/48)
Scrolls
 e - 7 scrolls of identify {unknown}
 h - a scroll of fog {unknown}
 n - a scroll of fear {unknown}
 o - 2 scrolls of teleportation {unknown}
 r - 3 scrolls of noise {unknown}
 s - a scroll of amnesia {unknown}
 u - 2 scrolls of blinking {unknown}
 w - a scroll of silence {unknown}
 y - a scroll of magic mapping {unknown}
Potions
 d - 5 potions of blood
 j - 2 potions of degeneration {unknown}
 k - a potion of beneficial mutation {unknown}
 m - 3 potions of lignification {unknown}
 q - 2 potions of curing {unknown}
 t - a potion of berserk rage {unknown}
Books
 c - a book of Maledictions

   Spells                             Type                      Level
   a - Corona                         Hexes                        1
   b - Ensorcelled Hibernation        Hexes/Ice                    2
   c - Confuse                        Hexes                        3
   d - Tukima's Dance                 Hexes                        3
   e - Dazzling Spray                 Conjuration/Hexes            3


   Skills:
 - Level 1.1 Short Blades
 + Level 4.4 Dodging
 + Level 7.1 Stealth
 + Level 2.0 Spellcasting
 + Level 6.7 Hexes


You had 3 spell levels left.
You knew the following spells:

 Your Spells              Type           Power        Failure   Level  Hunger
a - Corona                Hex            ###....      1%          1    #......
b - Ensorcelled Hibernat  Hex/Ice        ##....       10%         2    ###....
c - Confuse               Hex            ###.....     4%          3    ###....


Dungeon Overview and Level Annotations

Branches:
Dungeon (3/15)

Altars:
Ru

Annotations:
D:6 Duvessa


Innate Abilities, Weirdness & Mutations

You heal slowly.
You have razor-sharp teeth.
You have supernaturally acute eyesight. (SInv)
You can survive without breathing.


Message History

The phantom is severely damaged.
The phantom blinks!
You closely miss the phantom.
The phantom is severely damaged.
You puncture the phantom!
The phantom is almost destroyed.
The phantom hits you!
* * * LOW HITPOINT WARNING * * *
You barely miss the phantom.
The phantom is almost destroyed.
The phantom blinks!
The phantom blinks!
The phantom blinks!
You barely miss the phantom.
The phantom is almost destroyed.
The orc warrior shouts!
The phantom hits you!
* * * LOW HITPOINT WARNING * * *
The orc warrior throws a stone.
The stone hits you!
You die...

##...(........###....#......#
.((...........# #....#......#.#
..............# #....#......#.#
..............# #...o#......#.#
..########'##.###)...##.[...#.#
..# #.##.#......##..##.#.###
..# ####.##'#......###.##.#....
..# #..........#######.##.#....
..# #.........@...........#....
..# #........W########.##......
..# #.........########.##......
..# #.........#................
..# #.........#.#######.##.....
..# #.........#.# #..#..### ###
#####'#+#.#.# #####.#..#
#.....#.#.# #...#.#..#
#########.....#.#.# #...#.#..#


You could see a phantom and an orc warrior.

Vanquished Creatures
  An ogre (D:6)
  A howler monkey (D:6)
  A crimson imp (D:6)
  A worker ant (D:6)
  A worker ant zombie (D:6)
  3 adders
  2 oozes (D:1)
  2 worms (D:2)
  2 leopard geckos
  4 orcs (D:6)
  A giant cockroach (D:1)
  5 hobgoblins
  11 jackals
  A ball python (D:1)
  4 bats
  4 frilled lizards
  3 goblins
  6 kobolds
  5 rats
58 creatures vanquished.

Notes
Turn   | Place    | Note
-------+----------+-------------------------------------------
     0 | D:1      | dngmouse the Vampire Enchanter began the quest for the Orb.
     0 | D:1      | Reached XP level 1. HP: 13/13 MP: 3/3
   223 | D:1      | Reached XP level 2. HP: 14/19 MP: 3/5
   347 | D:1      | Learned a level 2 spell: Ensorcelled Hibernation
   564 | D:1      | Reached skill level 5 in Hexes
   592 | D:1      | Reached skill level 5 in Stealth
   826 | D:1      | Reached XP level 3. HP: 18/24 MP: 6/6
   870 | D:1      | Learned a level 3 spell: Confuse
  1726 | D:2      | Reached XP level 4. HP: 30/30 MP: 4/7
  1772 | D:2      | Found a sacrificial altar of Ru.
  2261 | D:3      | You fall through a shaft for 3 floors!
  2442 | D:6      | Reached skill level 6 in Stealth
  2505 | D:6      | Reached XP level 5. HP: 12/35 MP: 0/8
  3016 | D:6      | Noticed a phantom
  3063 | D:6      | Noticed an ogre
  3153 | D:6      | Killed an ogre
  3239 | D:6      | Reached XP level 6. HP: 25/41 MP: 6/9
  3260 | D:6      | Noticed Duvessa
  3297 | D:6      | Noticed an orc warrior
  3527 | D:6      | Reached skill level 7 in Stealth
  3930 | D:6      | Hit by a stone thrown by an orc warrior

Skill      XL: |  1  2  3  4  5  6 |
---------------+-------------------+-----
Hexes          | 5 6 |  6.7
Stealth        | 5 6 7 |  7.1
Dodging        | 3 4 |  4.4
Short Blades   | |  1.1
Spellcasting   | |  2.0

Action                   |  1- 3 |  4- 6 || total
-------------------------+-------+-------++-------
Melee: Dagger            |   156 |    96 ||   252
       Bite              |    19 |     8 ||    27
 Cast: Corona            |    14 |     2 ||    16
       Ensorcelled Hiber |    14 |    12 ||    26
       Confuse           |       |     8 ||     8
  Use: Potion            |     1 |     5 ||     6
 Stab: Sleeping          |    10 |    13 ||    23
       Confused          |       |     2 ||     2
Armor: Robe              |    43 |    23 ||    66
Dodge: Dodged            |   134 |    54 ||   188
